Construct Section Command Post
Selects Air and Sea Battlegroup
Construct Platoon Command Post
6-pounder Anti-tank Gun Team
Selects Commando Section Paradrop
Commando Section Paradrop
Selects Commando LMG Section Paradrop
Commando LMG Section Paradrop
Commando LMG Section Paradrop
Construct Company Command Post
Commando Section Paradrop
Selects Centaur Medium Tank
Selects Naval Bombardment
Unlock M3 Grant Medium Tanks
Selects Anti-tank Rocket Loiter